 Dungeon Crawl Stone Soup version 0.20.1-1-g8b1a95d (webtiles) character file.

1292 Ladykiller69 the Stinger (level 8, -11/41 HPs)
             Began as a Deep Elf Wizard on July 7, 2017.
             Splashed by Ijyb's acid (14 damage)
             ... on level 5 of the Dungeon.
             The game lasted 00:22:20 (5647 turns).

Ladykiller69 the Stinger (Deep Elf Wizard)          Turns: 5647, Time: 00:22:21

Health: -11/41     AC:  2    Str:  4    XL:     8   Next: 30%
Magic:  7/17       EV: 13    Int: 26    God:
Gold:   267        SH:  0    Dex: 13    Spells: 6/17 levels left

rFire    . . .     SeeInvis .   j - +0 spear
rCold    . . .     Gourm    .   (no shield)
rNeg     . . .     Faith    .   a - +0 robe
rPois    .         Spirit   .   b - +0 hat
rElec    .         Reflect  .   (no cloak)
rCorr    .         Harm     .   (no gloves)
MR       .....                  (no boots)
Stlth    ++........             (no amulet)
Regen    0.2/turn               (no ring)
MPRegen  0.2/turn               (no ring)

@: no status effects
A: no striking features
a: no special abilities


You were on level 5 of the Dungeon.
You were very hungry.

You visited 2 branches of the dungeon, and saw 6 of its levels.
You also visited: Ossuary.

You collected 267 gold pieces.

Inventory:

Hand Weapons
 j - a +0 spear (weapon)
Armour
 a - a +0 robe (worn)
 b - a +0 hat (worn)
 l - a +2 cloak
Wands
 A - a wand of paralysis (4/24)
 B - a wand of scattershot (0/9)
Scrolls
 e - 4 scrolls of teleportation {unknown}
 g - 4 scrolls of identify
 k - 4 scrolls of remove curse {unknown}
 n - a scroll of fear {unknown}
 o - 3 scrolls of enchant armour {unknown}
 t - 3 scrolls of fog {unknown}
 u - a scroll of magic mapping {unknown}
 x - a scroll of recharging {unknown}
 y - a scroll of random uselessness {unknown}
 z - a scroll of blinking {unknown}
 D - a scroll of holy word {unknown}
Potions
 f - 2 potions of heal wounds {unknown}
 h - 4 potions of curing
 i - 2 potions of might {unknown}
 p - a potion of haste {unknown}
 q - 4 potions of flight {unknown}
 r - 3 potions of lignification {unknown}
 s - a potion of ambrosia {unknown}
 v - a potion of resistance {unknown}
 w - 2 potions of cancellation {unknown}
Books
 c - a book of Minor Magic

   Spells                             Type                      Level
   a - Magic Dart                     Conjuration                  1
   b - Blink                          Translocation                2
   c - Call Imp                       Summoning                    2
   d - Slow                           Hexes                        2
   e - Conjure Flame                  Conjuration/Fire             3
   f - Mephitic Cloud                 Conjuration/Poison/Air       3
Comestibles
 d - 3 bread rations
 m - a royal jelly
 C - a meat ration


   Skills:
 - Level 3.0 Dodging
 - Level 3.0 Stealth
 - Level 5.0 Spellcasting
 - Level 4.0 Conjurations
 - Level 1.1 Summonings
 - Level 1.1 Translocations
 - Level 4.2 Fire Magic
 + Level 5.6 Air Magic
 + Level 5.8 Poison Magic


You had 6 spell levels left.
You knew the following spells:

 Your Spells              Type           Power        Failure   Level  Hunger
a - Magic Dart            Conj           ####         1%          1    None
b - Call Imp              Summ           ##......     8%          2    None
c - Blink                 Tloc           N/A          8%          2    None
d - Mephitic Cloud        Conj/Pois/Air  ####....     2%          3    #......
e - Conjure Flame         Conj/Fire      ####....     4%          3    #......


Dungeon Overview and Level Annotations

Branches:
Dungeon (5/15)             Temple (1/1) D:4

Altars:
Ashenzari
Cheibriados
Dithmenos
Elyvilon
Fedhas
Gozag
Hepliaklqana
Kikubaaqudgha
Makhleb
Nemelex Xobeh
Okawaru
Qazlal
Ru
Sif Muna
Xom
Yredelemnul
Zin
The Shining One

Annotations:
D:3 exclusion: orc priest, vishdafish's ghost, amateur GrFi
D:5 2 runed doors, Ijyb


Message History

You see here a club.
Casting: Mephitic Cloud
Confirm with . or Enter, or press ? or * to list all spells.
You blink.
Casting: Blink
Confirm with . or Enter, or press ? or * to list all spells.
Aiming: Conjure Flame
Press: ? - help, Dir - move target cursor The fire ignites!
Casting: Conjure Flame
Confirm with . or Enter, or press ? or * to list all spells.
You can't see any susceptible monsters within range! (Use Z to cast anyway.)
Casting: Conjure Flame
Confirm with . or Enter, or press ? or * to list all spells.
You can't see any susceptible monsters within range! (Use Z to cast anyway.) Ijyb zaps a wand.
The bolt of acid hits you!
Ouch! That really hurt!
* * * LOW HITPOINT WARNING * * *
You are splashed with acid!
The acid burns!
You die...

#.#...........#........# #.# #.#
#.............#........# #.# #.#
####'########.#........# #.# #.#
............#.#........# #.# #(#
............#.#........# #.# #)#
.#######....#.#........###.###(#
.# #§...#.#............((..# .+
+....#.#........###.##### .#
#....#.#.@.)....# #.#
.#######....#.#........###.#####
............#.##§######........#
.....[......#...g..............#
####'########.##.....##........#
.###...........).....##........#
..##.###########.....##........#
..##.# #.....###......## ..##.#
#.....###......#


You could see Ijyb.

Vanquished Creatures
  Pikel (D:5)
  2 ogres
  A centaur (D:5)
  A scorpion (D:5)
  2 orc priests (D:5)
  A hound (D:5)
  A bullfrog skeleton (D:5)
  An iguana (D:5)
  9 big kobold zombies (Ossuary)
  A hound zombie (D:5)
  2 mummies
  4 adders (D:4)
  2 oozes
  An adder zombie (D:5)
  3 adder skeletons
  A worm (D:2)
  2 dart slugs
  3 leopard geckos
  6 orcs
  5 spectral bats (Ossuary)
  A ball python (D:3)
  5 bats
  4 giant cockroaches
  3 gnoll zombies (Ossuary)
  9 goblins
  5 hobgoblins
  2 jackals (D:1)
  2 bat simulacra (Ossuary)
  4 frilled lizards
  2 goblin simulacra (Ossuary)
  5 goblin zombies
  6 hobgoblin zombies (Ossuary)
  A jackal skeleton (D:4)
  5 kobolds
  2 kobold simulacra (Ossuary)
  5 kobold zombies
  4 orc zombies (Ossuary)
  7 rats
  5 rat simulacra (Ossuary)
  3 spectral goblins (Ossuary)
  2 spectral kobolds (Ossuary)
  2 spectral rats (Ossuary)
133 creatures vanquished.

Vanquished Creatures (collateral kills)
  A hound (D:5)
  An orc (D:3)
  2 jackals (D:1)
4 creatures vanquished.

Vanquished Creatures (others)
  A crimson imp (D:5)
  A hound (D:5)
2 creatures vanquished.

Grand Total: 139 creatures vanquished

Notes
Turn   | Place    | Note
-------+----------+-------------------------------------------
     0 | D:1      | Ladykiller69 the Deep Elf Wizard began the quest for the Orb.
     0 | D:1      | Reached XP level 1. HP: 10/10 MP: 7/7
   230 | D:1      | Reached XP level 2. HP: 15/15 MP: 5/9
   307 | D:1      | Learned a level 2 spell: Call Imp
   310 | D:1      | Learned a level 2 spell: Blink
  1022 | D:1      | Reached XP level 3. HP: 17/19 MP: 2/11
  1361 | D:2      | Reached skill level 5 in Spellcasting
  1542 | D:2      | Found a shattered altar of Ashenzari.
  1967 | D:3      | Noticed vishdafish's ghost (amateur GrFi)
  2146 | D:3      | Learned a level 3 spell: Mephitic Cloud
  2262 | D:3      | Found a hazy altar of Hepliaklqana.
  2437 | D:3      | Reached XP level 4. HP: 24/24 MP: 9/13
  2777 | D:4      | Learned a level 3 spell: Conjure Flame
  2947 | D:4      | Found a shadowy altar of Dithmenos.
  3064 | D:4      | Found a staircase to the Ecumenical Temple.
  3076 | Temple   | Entered the Ecumenical Temple
  3188 | D:4      | Noticed an ogre
  3210 | D:4      | Killed an ogre
  3210 | D:4      | Reached skill level 1 in Air Magic
  3210 | D:4      | Reached skill level 1 in Poison Magic
  3210 | D:4      | Reached XP level 5. HP: 28/28 MP: 0/14
  3347 | D:4      | Found a sand-covered staircase.
  3375 | Ossuary  | Entered an ossuary
  3786 | Ossuary  | Reached skill level 1 in Fire Magic
  3917 | Ossuary  | Reached XP level 6. HP: 27/32 MP: 9/15
  4638 | D:5      | Entered Level 5 of the Dungeon
  4723 | D:5      | Reached XP level 7. HP: 36/36 MP: 4/16
  4781 | D:5      | Found a runed door.
  4918 | D:5      | Found a runed door.
  5063 | D:5      | Noticed Pikel
  5335 | D:5      | Killed Pikel
  5335 | D:5      | Reached skill level 5 in Air Magic
  5335 | D:5      | Reached skill level 5 in Poison Magic
  5335 | D:5      | Reached XP level 8. HP: 13/41 MP: 0/17
  5633 | D:5      | Noticed Ijyb
  5647 | D:5      | Splashed by Ijyb's acid

Skill      XL: |  1  2  3  4  5  6  7 |
---------------+----------------------+-----
Stealth        | 3 |  3.0
Conjurations   | 2 4 |  4.0
Spellcasting   | 5 |  5.0
Dodging        | 3 |  3.0
Air Magic      | 1 2 5 |  5.6
Poison Magic   | 1 2 5 |  5.8
Fire Magic     | 2 4 |  4.2
Summonings     | |  1.1
Translocations | |  1.1

Action                   |  1- 3 |  4- 6 |  7- 9 || total
-------------------------+-------+-------+-------++-------
Melee: Spear             |    10 |    74 |    54 ||   138
 Cast: Magic Dart        |   125 |   118 |    43 ||   286
       Call Imp          |     2 |     3 |     4 ||     9
       Blink             |       |     2 |     3 ||     5
       Conjure Flame     |       |    14 |     6 ||    20
       Mephitic Cloud    |       |       |    11 ||    11
Evoke: Wand              |       |       |     1 ||     1
  Use: Scroll            |       |       |     1 ||     1
 Stab: Confused          |       |       |     3 ||     3
       Distracted        |       |       |     1 ||     1
  Eat: Chunk             |     4 |     3 |     3 ||    10
       Royal jelly       |       |     2 |       ||     2
Armor: Robe              |     3 |     5 |       ||     8
Dodge: Dodged            |    18 |    23 |    16 ||    57
